 Dungeon Crawl Stone Soup version 0.29-a0-303-ge4682ce883 (webtiles) character file.

Game seed: 142142229624401456

10 Dabor the Chopper (level 2, 0/27 HPs)
             Began as a Hill Orc Monk on Mar 24, 2022.
             Slain by a giant cockroach (1 damage)
             ... on level 1 of the Dungeon.
             The game lasted 00:00:20 (318 turns).

Dabor the Chopper (Hill Orc Monk)                    Turns: 318, Time: 00:00:20

Health: 0/27       AC:  2    Str: 13    XL:     2   Next: 20%
Magic:  2/2        EV: 12    Int: 10    God:
Gold:   12         SH:  0    Dex: 13    Spells: 1/1 levels left

rFire   . . .      SeeInvis .   a - +0 hand axe
rCold   . . .      Faith    .   (no shield)
rNeg    . . .      Spirit   .   b - +0 robe
rPois   .          Reflect  .   (no helmet)
rElec   .          Harm     .   (no cloak)
rCorr   .          Rampage  .   (no gloves)
Will    .....                   (no boots)
Stlth   ++........              (no amulet)
HPRegen 0.09/turn               (no ring)
MPRegen 0.08/turn               (no ring)

@: no status effects
A: no striking features
a: no special abilities


You were on level 1 of the Dungeon.
You visited 1 branch of the dungeon, and saw 1 of its levels.

You collected 12 gold pieces.

Inventory:

Hand Weapons
 a - a +0 hand axe (weapon)
Armour
 b - a +0 robe (worn)
Scrolls
 e - a scroll of amnesia {unknown}
 f - a scroll of magic mapping {unknown}
 g - a scroll of teleportation {unknown}
Potions
 c - a potion of ambrosia
 d - a potion of mutation {unknown}


   Skills:
 + Level 3.8 Fighting
 + Level 4.2 Axes
 + Level 2.5 Dodging
 + Level 1.8 Stealth


You had one spell level left.
You didn't know any spells.
Your spell library contained the following spells:

 Spells                   Type           Power      Damage    Failure   Level
 Magic Dart               Conj           0%         1d3       36%         1
 Searing Ray              Conj           0%         2d4       50%         2
 Fulminant Prism          Conj/Hex       0%         3d6       98%         4


Dungeon Overview and Level Annotations

Branches:
Dungeon (1/15)

Altars:


Message History

You closely miss the hobgoblin. The hobgoblin barely misses you.
The giant cockroach bites you. The hobgoblin hits you.
* * * LOW HITPOINT WARNING * * *
You hit the hobgoblin but do no damage. You barely miss the giant cockroach.
The giant cockroach bites you but does no damage.
The hobgoblin hits you.
* * * LOW HITPOINT WARNING * * *
You barely miss the hobgoblin. You barely miss the giant cockroach.
The giant cockroach bites you but does no damage. x2
The hobgoblin hits you.
* * * LOW HITPOINT WARNING * * *
You closely miss the giant cockroach.
The giant cockroach is almost dead.
You hit the hobgoblin.
The giant cockroach bites you but does no damage.
The hobgoblin hits you but does no damage.
You completely miss the giant cockroach.
The giant cockroach is almost dead.
You hit the hobgoblin but do no damage.
The giant cockroach waves its antennae.
The giant cockroach barely misses you. The hobgoblin misses you.
You closely miss the giant cockroach.
The giant cockroach is almost dead.
You closely miss the hobgoblin.
The giant cockroach bites you but does no damage.
The hobgoblin closely misses you. The giant cockroach closely misses you.
You hit the giant cockroach but do no damage.
The giant cockroach is almost dead.
You hit the hobgoblin but do no damage. The hobgoblin hits you.
* * * LOW HITPOINT WARNING * * *
The giant cockroach barely misses you.
You barely miss the giant cockroach.
The giant cockroach is almost dead.
You hit the hobgoblin.
You kill the hobgoblin!
The giant cockroach bites you but does no damage.
You closely miss the giant cockroach.
The giant cockroach is almost dead.
The giant cockroach bites you.
You die...

## ##.# # #..# .... #
##.## .... ## ##..# ...
.###..### ..# .#...##.#
..# ...###... ..# ####
#.# #####># ###
#.#####...@B##
..#####^##.........##
#.>.....##.#..####...#
########...#)..##.###.#
#.#####....# ..
#...#...##.###. #
###.#..[......#
####.........###
#.....#.######


You could see a giant cockroach.

Vanquished Creatures
  An endoplasm (D:1)
  2 hobgoblins (D:1)
  2 kobolds (D:1)
  A quokka (D:1)
  2 ball pythons (D:1)
  A bat (D:1)
  A rat (D:1)
10 creatures vanquished.

Notes
Turn   | Place    | Note
-------+----------+-------------------------------------------
     0 | D:1      | Dabor the Hill Orc Monk began the quest for the Orb.
     0 | D:1      | Reached XP level 1. HP: 19/19 MP: 1/1
   234 | D:1      | Found a faded altar of an unknown god.
   280 | D:1      | Reached XP level 2. HP: 27/27 MP: 2/2
   312 | D:1      | HP: 1/27 [hobgoblin (3)]
   318 | D:1      | Slain by a giant cockroach

Illustrated notes

Levels and vault maps discovered:
D:1:      dpeg_arrival_round_b, layout_loops_cross,
          hellmonk_ecumenical_altar_run_dry

Action                   || total
-------------------------++-------
Melee: Hand axe          ||    38
       Punch             ||     1
Armor: Robe              ||    15
Dodge: Dodged            ||    27

Table legend: (Time is in decaauts)
 A = Elapsed time spent in this place.
 B = Non-inter-level travel time spent in this place.
 C = Inter-level travel time spent in this place.
 D = Time resting spent in this place.
 E = Time spent auto-exploring this place.
 F = Levels seen in this place.
 G = Mean time per level.
                   A        B        C        D        E       F      G
               +--------+--------+--------+--------+--------+-----+--------+
         Total |    321 |    321 |      0 |      0 |    244 |   1 |  321.0 |
       Dungeon |    321 |    321 |      0 |      0 |    244 |   1 |  321.0 |
               +--------+--------+--------+--------+--------+-----+--------+

Top non-repeatable levels by time:
     D:1: 321 daAuts
